AoeStats
← iHateArabia

Arabia

506601037Analyzed
2v2 RM · 19d ago on Sep 14, 2026· 88m 11s· 4 players
Game mode
Random Map
Map size
Medium (4 player)
Population
200
Speed
Normal
Resources
Standard
Victory
Conquest
Starting age
Dark Age
Ending age
Imperial Age
RankedLock teamsTeams togetherTeam positionsShared explorationLock speedFull tech treeHidden civsTurbo modeCheats
Victory
Defeat
🇨🇦 Portuguese · Canada
918
+14
🇦🇷 Spanish · Argentina
875
+16
🇳🇱 Chinese · Netherlands
879
-21
🇪🇸 Franks · Spain
875
-15
El Broski
8:07 Loom
10:17 Feudal Age
11:17 Double-Bit Axe
17:29 Wheelbarrow
21:49 Castle Age
20:09 Forging
20:45 Scale Barding Armor
23:02 Bow Saw
25:17 Stone Mining
26:41 Hand Cart
27:47 Chain Barding Armor
27:46 Fletching
30:51 Iron Casting
32:13 Husbandry
33:42 Bodkin Arrow
33:47 Gold Mining
38:38 Imperial Age
36:56 Gold Shaft Mining
38:42 Cavalier
40:24 Blast Furnace
40:00 Plate Barding Armor
39:18 Town Watch
40:12 Conscription
45:14 Scale Mail Armor
47:31 Chain Mail Armor
46:38 Elite Throwing Axeman
47:40 #83
47:22 Chivalry
46:57 Paladin
49:18 Plate Mail Armor
51:46 Ballistics
52:27 Chemistry
51:23 Murder Holes
52:11 Arson
52:27 Squires
iHateArabia
10:43 Feudal Age
17:22 Castle Age
15:27 Loom
16:43 Double-Bit Axe
18:44 Bow Saw
21:00 Thumb Ring
23:17 Wheelbarrow
23:36 Pikeman
24:23 Gold Mining
25:45 Fletching
27:12 Padded Archer Armor
28:27 Bodkin Arrow
30:30 Hand Cart
31:29 Leather Archer Armor
41:15 Imperial Age
42:19 Bracer
43:36 Chemistry
42:40 Horse Collar
42:37 Heavy Cavalry Archer
45:08 Ring Archer Armor
46:11 Elite Skirmisher
48:13 Gold Shaft Mining
49:18 Bombard Tower
49:24 Ballistics
49:54 Forging
49:45 Scale Mail Armor
51:38 Iron Casting
58:30 Elite Chu Ko Nu
59:34 Halberdier
60:17 Squires
62:44 Conscription
68:40 Arson
71:37 Elite Skirmisher
82:16 Caravan
Gore1021
0:30 Loom
12:53 Feudal Age
13:19 Double-Bit Axe
13:41 Man-at-Arms
17:47 Scale Mail Armor
22:58 Castle Age
21:14 Arson
21:58 Horse Collar
23:50 Bow Saw
25:34 Gold Mining
28:59 Fletching
31:39 Ballistics
32:49 Fervor
37:46 Imperial Age
35:46 Murder Holes
37:38 Wheelbarrow
37:00 Pikeman
37:52 Forging
39:38 Elite Organ Gun
41:27 Bodkin Arrow
42:08 Chain Mail Armor
48:27 Chemistry
49:43 Iron Casting
49:50 Bracer
SHUYING10
9:42 Feudal Age
7:57 Loom
11:01 Double-Bit Axe
11:42 Horse Collar
17:27 Castle Age
16:36 Town Watch
17:26 Wheelbarrow
16:48 Stone Mining
16:51 Gold Mining
19:04 Wheelbarrow
20:08 Stone Shaft Mining
22:36 Town Patrol
24:44 Husbandry
25:43 Bloodlines
28:28 Padded Archer Armor
28:36 Scale Barding Armor
29:42 Bow Saw
33:09 Fletching
33:06 Elite Skirmisher
34:41 Wheelbarrow
34:38 Heavy Plow
38:49 Imperial Age
37:42 Chain Barding Armor
37:38 Leather Archer Armor
38:09 Caravan
38:39 Coinage
39:44 Elite Conquistador
42:27 Thumb Ring
43:07 Conscription
44:05 Hand Cart
44:05 Bodkin Arrow
46:42 Cavalier
48:41 Two-Man Saw
48:21 Plate Barding Armor
48:16 Ring Archer Armor
47:47 Bracer
47:58 Forging
48:29 Ballistics
49:10 Chemistry
48:06 Murder Holes
50:16 Supremacy
50:17 Pikeman
50:58 Squires
55:17 Paladin
57:24 Iron Casting
66:44 Blast Furnace
70:49 Light Cavalry
72:03 Hussar
76:06 Scale Mail Armor
76:02 Gambesons
76:03 Arson
85:31 Chain Mail Armor
84:57 Halberdier
Connection lost

Rejoining the realm…

Still unreachable

The connection could not be restored.

Session expired

The server has moved on; the page needs a fresh start.